 Dungeon Crawl Stone Soup version 0.28-a0-1152-g9c71ebef14 (webtiles) character file.

Game seed: 9584577251081908530

25 spaghetti the Sneak (level 3, -1/27 HPs)
             Began as an Octopode Delver on Dec 14, 2021.
             Slain by a water moccasin skeleton (6 damage)
             ... on level 5 of the Dungeon.
             The game lasted 00:00:14 (22 turns).

spaghetti the Sneak (Octopode Delver)                 Turns: 22, Time: 00:00:14

Health: -1/27      AC:  1    Str: 11    XL:     3   Next: 4%
Magic:  3/3        EV: 13    Int: 14    God:
Gold:   0          SH:  0    Dex: 13    Spells: 2/2 levels left

rFire   . . .      SeeInvis .   a - +0 hand axe {axe}
rCold   . . .      Faith    .   (no shield)
rNeg    . . .      Spirit   .   (helmet restricted)
rPois   .          Reflect  .   (no amulet)
rElec   .          Harm     .   (no ring)
rCorr   .          Rampage  .   (no ring)
Will    .....                   (no ring)
Stlth   ++++......              (no ring)
HPRegen 0.09/turn               (no ring)
MPRegen 0.08/turn               (no ring)
                                (no ring)
                                (no ring)

@: no status effects
A: almost no armour, amphibious, 8 rings, camouflage 1, gelatinous body 1,
(nimble swimmer 1), tentacles
a: no special abilities


You were on level 5 of the Dungeon.
You visited 1 branch of the dungeon, and saw 2 of its levels.


Innate Abilities, Weirdness & Mutations

You cannot wear most types of armour.
You are amphibious.
You can wear up to eight rings at the same time.
Your skin changes colour to match your surroundings (Stealth+).
Your rubbery body absorbs attacks. (AC +1, EV +1)
((You are camouflaged near water. (Stealth+)))
You have tentacles for arms and can constrict up to eight enemies at once.


   Skills:
 + Level 4.1 Fighting
 - Level 2.0 Axes
 - Level 2.0 Dodging
 - Level 6.6 Stealth


You had 2 spell levels left.
You didn't know any spells.
Your spell library was empty.

Inventory:

Hand Weapons
 a - a +0 hand axe (weapon) {axe}
Wands
 f - a wand of digging (3)
Scrolls
 b - a scroll of fog
 c - a scroll of magic mapping {!r}
 d - a scroll of fear
Potions
 e - a potion of haste {@q3}

Dungeon Overview and Level Annotations

Branches:
Dungeon (6/15)
 Temple: D:4-7

Altars:

.................
...............#
...............# #
.....$.........##.
............Z....
...............#.
...............#
.......>..$.Z..#
............@..#
...............Y....
....................
..............###...
###########...# ..
##### #


You could see an ice beast and 2 water moccasin skeletons.


Message History

🤖 Initializing magus.rc ...
Options error: Delay interrupt name "hungry" not recognised. (~/.crawlrc:4771) ✅ Successfully initialized magus.rc [v1.9.6] Welcome, spaghetti the Octopode Delver.
Are you destined to find the breathtaking Orb of Zot, or to die trying?
Press ? for a list of commands and other information.
Found 19 gold pieces and a scroll labelled URREITABRE.
Found a stone staircase leading down.
g - a scroll labelled URREITABRE
(D) Dungeon
Where to? (? - help)
There is a stone staircase leading down here.
You climb downwards.
There is a stone staircase leading up here.
A sky beast is nearby!
Unknown command.
Unknown command.
Unknown command.
You climb upwards.
There is a stone staircase leading down here.
Unknown command.
Unknown command.
Unknown command.
As you read the scroll labelled URREITABRE, it crumbles to dust.
You hear a loud clanging noise!
It was a scroll of noise.
You hear a shout! x3; You hear a bark!
You hear a shout! x2
An iguana comes into view.
An iguana is nearby!
You hit the iguana. Your grab misses the iguana.
You squeeze the iguana, but do no damage.
A water moccasin skeleton comes into view.
The iguana bites you. 😮 HP[-4]
You take 4 damage, and now have 12/16 hp.
MASSIVE DAMAGE!! (PAUSE) Unknown command.
You are too injured to fight recklessly!
You hit the iguana. You grab the iguana. You squeeze the iguana.
You constrict the iguana. The iguana barely misses you.
An ice beast comes into view.
You hit the iguana.
You kill the iguana!
Your Fighting skill increases to level 4!
You have reached level 2!
You have reached level 3!
Your experience leads to an increase in your attributes!
Increase (S)trength, (I)ntelligence, or (D)exterity?
You feel clever. x2 😕 HP[+10] MP[+2]
You now have 27 max hp (+11).
You regained 10 hp, and now have 22/27 hp.
Your mp is fully restored (3).
Unknown command.
Unknown command.
You hit the water moccasin skeleton. You grab the water moccasin skeleton.
You squeeze the water moccasin skeleton!
You constrict the water moccasin skeleton.
The water moccasin skeleton bites you.
A water moccasin skeleton comes into view.
The water moccasin skeleton bites you.
* * * LOW HITPOINT WARNING * * *
😨 HP[-10]
You take 10 damage, and now have 12/27 hp.
MASSIVE DAMAGE!! (PAUSE) Unknown command.
You hit the water moccasin skeleton.
You constrict the water moccasin skeleton.
The water moccasin skeleton bites you.
* * * LOW HITPOINT WARNING * * *
😨 HP[-3]
You take 3 damage, and now have 9/27 hp.
Unknown command.
Unknown command.
You hit the water moccasin skeleton.
You squeeze the water moccasin skeleton, but do no damage.
You constrict the water moccasin skeleton.
The water moccasin skeleton bites you.
* * * LOW HITPOINT WARNING * * *
The water moccasin skeleton bites you.
You die...

Skill      XL: |  1 |
---------------+----+-----
Fighting       | 4 |  4.1
Axes           | |  2.0
Dodging        | |  2.0
Stealth        | |  6.6

Action                   || total
-------------------------++-------
Melee: Hand axe          ||     6
       Tentacles         ||     4
       Constrict         ||     2
  Use: Scroll            ||     1
Dodge: Dodged            ||     1

Levels and vault maps discovered:
D:5:      layout_basic, serial_shops, kennysheep_mini_moat,
          gammafunk_ghost_cemetery, uniq_eustachio, uniq_menkaure
D:6:      layout_rooms, mainiacjoe_overflow_alcove_2, minmay_manual_moon,
          uniq_blork_the_orc, uniq_crazy_yiuf_cottage

Notes
Turn   | Place    | Note
-------+----------+-------------------------------------------
     0 | D:5      | spaghetti the Octopode Delver began the quest for the Orb.
     0 | D:5      | Reached XP level 1. HP: 16/16 MP: 1/1
     0 | D:5      | magus.rc [v1.9.6]
     8 | D:6      | Noticed a sky beast
    13 | D:5      | Noticed an iguana
    18 | D:5      | Noticed an ice beast
    19 | D:5      | Killed an iguana
    20 | D:5      | Reached skill level 4 in Fighting
    20 | D:5      | Reached XP level 2. HP: 17/22 MP: 2/2
    20 | D:5      | Reached XP level 3. HP: 22/27 MP: 3/3
    22 | D:5      | HP: 5/27 [water moccasin skeleton (4)]
    22 | D:5      | Slain by a water moccasin skeleton

Vanquished Creatures
  An iguana (D:5)
1 creature vanquished.

Table legend:
 A = Non-vault XP
 B = Vault XP
 C = Vault XP percentage of total XP
 D = Non-vault monster count
 E = Vault monster count
 F = Vault count percentage of total count
                 A         B        C        D         E       F
            +---------+---------+-------+---------+---------+-------
      Total |      36 |       0 |   0.0 |       1 |       0 |   0.0
            +---------+---------+-------+---------+---------+-------
        D:5 |      36 |       0 |   0.0 |       1 |       0 |   0.0
            +---------+---------+-------+---------+---------+-------

Illustrated notes

Table legend:
 A = Kills in this place as a percentage of kills in entire the game.
 B = Kills by you in this place as a percentage of kills by you in the entire game.
 C = Kills by friends in this place as a percentage of kills by friends in the entire game.
 D = Other kills in this place as a percentage of other kills in the entire game.
 E = Experience gained in this place as a percentage of experience gained in the entire game.
 F = Experience gained in this place divided by the number of levels of this place that you have seen.
                   A       B       C       D       E      F
               +-------+-------+-------+-------+-------+----------------------
         Total | 100.0 | 100.0 |   N/A |   N/A | 100.0 |  18.0
       Dungeon | 100.0 | 100.0 |   N/A |   N/A | 100.0 |  18.0
               +-------+-------+-------+-------+-------+----------------------

Table legend: (Time is in decaauts)
 A = Elapsed time spent in this place.
 B = Non-inter-level travel time spent in this place.
 C = Inter-level travel time spent in this place.
 D = Time resting spent in this place.
 E = Time spent auto-exploring this place.
 F = Levels seen in this place.
 G = Mean time per level.
                   A        B        C        D        E       F      G
               +--------+--------+--------+--------+--------+-----+--------+
         Total |     23 |     19 |      4 |      0 |      4 |   2 |   11.5 |
       Dungeon |     23 |     19 |      4 |      0 |      4 |   2 |   11.5 |
               +--------+--------+--------+--------+--------+-----+--------+

Top non-repeatable levels by time:
     D:5: 21 daAuts
     D:6: 1 daAuts
